 Dungeon Crawl Stone Soup version 0.28.0-53-g5a82cb258f (webtiles) character file.

Game seed: 1836034427109023175

587 Descartes the Conjurer (level 7, -8/43 HPs)
             Began as an Octopode Wanderer on June 13, 2022.
             Was an Initiate of Gozag.
             Mangled by a yak (11 damage)
             ... on level 5 of the Dungeon.
             The game lasted 00:11:12 (7235 turns).

Descartes the Conjurer (Octopode Wanderer)          Turns: 7235, Time: 00:11:12

Health: -8/43      AC:  1    Str: 13    XL:     7   Next: 38%
Magic:  11/11      EV: 13    Int: 15    God:    Gozag
Gold:   191        SH:  0    Dex: 11    Spells: 5/12 levels left

rFire   . . .      SeeInvis .   x - +3 spear
rCold   . . .      Faith    .   (no shield)
rNeg    . . .      Spirit   .   (helmet restricted)
rPois   .          Reflect  .   A - amulet of magic regeneration
rElec   .          Harm     .   u - ring of willpower
rCorr   .          Rampage  .   z - ring of flight
Will    +....                   (no ring)
Stlth   +++.......              (no ring)
HPRegen 0.14/turn               (no ring)
MPRegen 0.52/turn               (no ring)
                                (no ring)
                                (no ring)

@: flying
A: almost no armour, amphibious, 8 rings, camouflage 1, gelatinous body 1,
(nimble swimmer 1), tentacles
a: Renounce Religion, Potion Petition, Call Merchant, Bribe Branch


You were on level 5 of the Dungeon.
You worshipped Gozag.
Gozag was aware of your devotion.
You visited 2 branches of the dungeon, and saw 6 of its levels.

You collected 272 gold pieces.
You paid 81 gold pieces to Gozag.

Inventory:

Hand Weapons
 a - a +0 war axe
 x - a +3 spear (weapon)
Missiles
 e - 140 stones
 k - 16 poisoned darts
 r - 42 arrows
Jewellery
 u - a ring of willpower (left tentacle)
 z - a ring of flight (right tentacle)
 A - an amulet of magic regeneration (around mantle)
Wands
 b - a wand of flame (6)
 w - a wand of paralysis (6)
Scrolls
 d - 5 scrolls of teleportation {unknown}
 f - 8 scrolls of identify {unknown}
 g - a scroll of enchant armour {unknown}
 l - a scroll of acquirement {unknown}
 m - 2 scrolls of blinking {unknown}
 n - 3 scrolls of fog {unknown}
 p - a scroll of enchant weapon {unknown}
 s - 5 scrolls of immolation {unknown}
 v - 3 scrolls of vulnerability {unknown}
 y - 2 scrolls of fear {unknown}
Potions
 c - a potion of lignification
 h - 2 potions of degeneration {unknown}
 i - a potion of attraction {unknown}
 j - a potion of cancellation {unknown}
 o - a potion of flight {unknown}
 q - a potion of berserk rage {unknown}
 t - a potion of brilliance {unknown}
 B - a potion of mutation {unknown}


   Skills:
 - Level 1.0 Fighting
 - Level 2.0 Axes
 + Level 2.9 Dodging
 + Level 4.4 Stealth
 + Level 3.0 Spellcasting
 + Level 5.2 Conjurations
 + Level 0.1 Transmutations
 + Level 3.0 Fire Magic
 + Level 0.1 Air Magic
 + Level 1.4 Earth Magic
 + Level 0.1 Poison Magic
 - Level 2.1 Evocations


You had 5 spell levels left.
You knew the following spells:

 Your Spells              Type           Power      Damage    Failure   Level
a - Foxfire               Conj/Fire      56%        2x1d6     3%          1
b - Ignite Poison         Fire/Tmut/Pois 5%         N/A       36%         3
c - Mephitic Cloud        Conj/Pois/Air  7%         N/A       28%         3

Your spell library contained the following spells:

 Spells                   Type           Power      Damage    Failure   Level
 Conjure Flame            Conj/Fire      14%        6-21      11%         3
 Confusing Touch          Hex            2%         N/A       52%         3
 Freezing Cloud           Conj/Ice/Air   3%         6-21      95%         5
 Yara's Violent Unravell  Hex/Tmut       1%         3d3       99%         5
 Enfeeble                 Hex            1%         N/A       100%        7
 Chain Lightning          Conj/Air       5%         3d6       100%        9
 Fire Storm               Conj/Fire      7%         8d2       100%        9
 Shatter                  Erth           3%         3d7*      100%        9


Dungeon Overview and Level Annotations

Branches:
Dungeon (5/15)             Temple (1/1) D:5

Altars:
Ashenzari
Elyvilon
Fedhas
Gozag
Hepliaklqana
Kikubaaqudgha
Makhleb
Nemelex Xobeh
Ru
Trog
Vehumet
The Shining One

Shops:
D:2 *   D:4 *


Innate Abilities, Weirdness & Mutations

You cannot wear most types of armour.
You are amphibious.
You can wear up to eight rings at the same time.
Your skin changes colour to match your surroundings (Stealth+).
Your rubbery body absorbs attacks. (AC +1, EV +1)
((You are camouflaged when in or above water. (Stealth+)))
You have tentacles for arms and can constrict up to eight enemies at once.


Message History

The yak is lightly wounded.
The foxfire hits the yak.
The yak is lightly wounded.
The foxfire hits the yak but does no damage.
The yak gores you.
Unknown command.
Casting: Foxfire (safe; 3% risk of failure)
Confirm with . or Enter, or press ? or * to list all spells.
You conjure some foxfire!
The foxfire hits the yak.
The yak is lightly wounded.
The yak closely misses you.
Unknown command.
Casting: Foxfire (safe; 3% risk of failure)
Confirm with . or Enter, or press ? or * to list all spells.
You conjure some foxfire!
The foxfire hits the yak but does no damage.
The yak is lightly wounded.
The foxfire hits the yak.
The yak is moderately wounded.
The yak gores you!
The foxfire hits the yak.
The yak is moderately wounded.
The foxfire hits the yak.
The yak is lightly wounded.
The yak gores you!
You reach down and open the door.
The yak gores you. The yak closely misses you.
There is an open door here.
You hit the yak. You squeeze the yak!
The yak is heavily wounded.
The yak gores you!
* * * LOW HITPOINT WARNING * * *
Unknown command.
There is an open door here.
As you close the door, it creaks loudly!
You reach down and open the door.
There is an open door here.
The yak gores you!
You die...
Your body crumbles into a pile of gold.

##### #...# ######### ##
############...###.......# #.
###.....##.......#.........####.
#.'.>...''.^...@YY.Y.......'..'.
#.#.....##.....###.........####.
#.#.....######## #.........# #..
#.####### ###.......# #.. ##...#
###.....# #.. .....# #.....# #..
.....# #.....##### ....##
######..... .#+## #.....


You could see 3 yaks.

Vanquished Creatures
  A water moccasin (D:5)
  2 black bears (D:4)
  A scorpion (D:4)
  A water moccasin zombie (D:5)
  A hound (D:4)
  A bullfrog skeleton (D:5)
  3 adders (D:4)
  An ufetubus (D:4)
  An adder skeleton (D:4)
  A dart slug (D:1)
  8 orcs (D:3)
  6 endoplasms
  4 giant cockroaches
  6 goblins
  10 hobgoblins
  9 jackals
  2 quokkas
  5 ball pythons
  4 bats
  3 frilled lizards
  4 kobolds
  5 rats (D:1)
  2 bushes (D:4)
81 creatures vanquished.

Vanquished Creatures (collateral kills)
  5 foxfires (D:4)
5 creatures vanquished.

Vanquished Creatures (others)
  271 foxfires
  6 plants (D:4)
277 creatures vanquished.

Grand Total: 363 creatures vanquished

Notes
Turn   | Place    | Note
-------+----------+-------------------------------------------
     0 | D:1      | Descartes the Octopode Wanderer began the quest for the
                  | Orb.
     0 | D:1      | Descartes set off with the following items: a +0 war axe, a
                  | wand of flame (6); and the following spell memorised:
                  | Foxfire; and the following spells available to memorise:
                  | Conjure Flame
     0 | D:1      | Reached XP level 1. HP: 13/13 MP: 2/2
   387 | D:1      | Reached XP level 2. HP: 18/18 MP: 0/3
   638 | D:1      | Reached skill level 1 in Stealth
  1196 | D:1      | Reached XP level 3. HP: 23/23 MP: 0/5
  1317 | D:1      | Reached skill level 1 in Fire Magic
  1431 | D:1      | Reached skill level 1 in Dodging
  1538 | D:1      | Found a faded altar of an unknown god.
  1972 | D:2      | Found Kiocusir's Assorted Antiques.
  2535 | D:2      | Found an ancient bone altar of Kikubaaqudgha.
  2785 | D:3      | Reached XP level 4. HP: 28/28 MP: 0/6
  4317 | D:4      | Noticed a scorpion
  4325 | D:4      | Killed a scorpion
  4326 | D:4      | Reached XP level 5. HP: 7/33 MP: 2/8
  4591 | D:4      | Noticed a black bear
  4600 | D:4      | Killed a black bear
  4601 | D:4      | Reached XP level 6. HP: 38/38 MP: 1/9
  4991 | D:4      | Found Dunutt Duce's General Store.
  5181 | D:4      | Noticed a black bear
  5204 | D:4      | Killed a black bear
  5548 | D:4      | Reached skill level 5 in Conjurations
  6307 | D:5      | Entered Level 5 of the Dungeon
  6339 | D:5      | Reached skill level 1 in Earth Magic
  6339 | D:5      | Reached XP level 7. HP: 13/43 MP: 8/11
  6568 | D:5      | Found a staircase to the Ecumenical Temple.
  6577 | Temple   | Entered the Ecumenical Temple
  6596 | Temple   | Became a worshipper of Gozag Ym Sagoz the Greedy
  6713 | D:5      | Learned a level 3 spell: Ignite Poison
  6717 | D:5      | Learned a level 3 spell: Mephitic Cloud
  6751 | D:5      | Noticed a yak
  6753 | D:5      | Noticed a yak
  6753 | D:5      | Noticed a yak
  7219 | D:5      | HP: 1/43 [yak (15)]
  7235 | D:5      | Mangled by a yak

Illustrated notes

Levels and vault maps discovered:
D:1:      mrwooster_arrival_statue_3, layout_loops_corners,
          shapermc_ecumenical_altar_mp_ritualfount
D:2:      layout_basic, serial_shops,
          nicolae_shop_temple_entry_statues_fountains, basic_altar,
          grunt_decor_resistance, kennysheep_generic_room_15
D:3:      layout_basic
D:4:      minmay_skewed_foursquare, layout_loops_cross, serial_shops,
          nicolae_diamond_shop, serial_forest, infiniplex_forest_zigzag_1,
          infiniplex_forest_clump_curved, infiniplex_forest_corner_1,
          infiniplex_forest_clump_large, infiniplex_forest_clump_cross,
          infiniplex_forest_clump_small, infiniplex_forest_lined_room_2,
          minmay_misc_feat_more_columns, minmay_starry_boxes
D:5:      layout_basic, minmay_temple_entry_antechambers
Temple:   minmay_freezing_vapour_temple

Skill      XL: |  1  2  3  4  5  6  7 |
---------------+----------------------+-----
Stealth        | 1 2 3 4 |  4.4
Fire Magic     | 1 2 3 |  3.0
Dodging        | 1 2 |  2.9
Spellcasting   | 2 3 |  3.0
Conjurations   | 5 |  5.2
Earth Magic    | 1 |  1.4
Fighting       | |  1.0
Axes           | |  2.0
Transmutations | |  0.1
Air Magic      | |  0.1
Poison Magic   | |  0.1
Evocations     | |  2.1

Action                   |  1- 3 |  4- 6 |  7- 9 || total
-------------------------+-------+-------+-------++-------
Melee: War axe           |    22 |   206 |       ||   228
       Constrict         |     7 |     6 |     2 ||    15
       Tentacles         |     2 |    58 |     4 ||    64
       Punch             |       |     7 |       ||     7
       Spear             |       |     3 |    15 ||    18
 Cast: Foxfire           |    82 |    81 |     6 ||   169
  Use: Potion            |       |     3 |       ||     3
 Stab: Sleeping          |     1 |       |     2 ||     3
Armor: Skin              |     4 |    64 |       ||    68
Dodge: Dodged            |    12 |    31 |    10 ||    53
